AoeStats
← M1GSimoBellecose

Arabian Desert

510623444Analyzed
1v1 RM · 2d ago on Oct 1, 2026· 36m 46s· 2 players
Game mode
Random Map
Map size
Tiny (2 player)
Population
200
Speed
Normal
Resources
Standard
Victory
Conquest
Starting age
Dark Age
Ending age
Imperial Age
RankedLock teamsTeams togetherTeam positionsShared explorationLock speedFull tech treeHidden civsTurbo modeCheats
Victory
Defeat
🇳🇱 Khmer · Netherlands
393
+3
🇮🇹 Romans · Italy
15
-3
M1GSimoBellecose
10:57 Feudal Age
12:36 Wheelbarrow
16:04 Double-Bit Axe
16:23 Horse Collar
16:39 Town Watch
20:24 Stone Mining
20:26 Gold Mining
24:07 Castle Age
25:24 Hand Cart
28:01 Gold Shaft Mining
32:25 Forging
32:22 Scale Barding Armor
32:19 Scale Mail Armor
32:20 Padded Archer Armor
32:12 Fletching
32:58 Coinage
32:40 Heavy Plow
33:01 Bow Saw
Grubby
10:41 Feudal Age
9:22 Loom
18:31 Castle Age
18:36 Bloodlines
18:24 Double-Bit Axe
18:23 Horse Collar
33:31 Imperial Age
31:47 Bow Saw
31:30 Gold Mining
31:31 Stone Mining
31:45 Husbandry
34:04 Scale Barding Armor
34:10 Forging
34:47 Tusk Swords
36:31 Cavalier
Connection lost

Rejoining the realm…

Still unreachable

The connection could not be restored.

Session expired

The server has moved on; the page needs a fresh start.